 Dungeon Crawl Stone Soup version 0.25.0-9-g26727b657a (webtiles) character file.

Game seed: 8276574713602084413

91 xccam the Scratcher (level 4, 0/21 HPs)
             Began as a Felid Abyssal Knight on June 21, 2020.
             Was a Priest of Lugonu.
             Killed from afar by an orc (18 damage)
             ... with an iceblast
             ... on level 3 of the Dungeon.
             The game lasted 00:13:32 (5214 turns).

xccam the Scratcher (Felid Abyssal Knight)          Turns: 5214, Time: 00:13:33

Health: 0/21       AC:  1    Str:  9    XL:     4   Next: 34%
Magic:  6/6        EV: 18    Int: 13    God:    Lugonu [***...]
Gold:   152        SH:  0    Dex: 16    Spells: 3/3 levels left
                                        Lives:  0   Deaths: 1

rFire    . . .     SeeInvis +     - Unarmed
rCold    . . .     Gourm    .   (shield unavailable)
rNeg     . . .     Faith    .   (armour unavailable)
rPois    .         Spirit   .   (helmet unavailable)
rElec    .         Reflect  .   (cloak unavailable)
rCorr    .         Harm     .   (gloves unavailable)
MR       .....                  (boots unavailable)
Stlth    ++........             (no amulet)
HPRegen  0.07/turn              (no ring)
MPRegen  0.10/turn              (no ring)

@: quick
A: very small, no armour, no weapons or thrown items, stealth, claws 1, fangs 3,
see invisible, carnivore, speed 1, shaggy fur 1, slow metabolism 1, sharp paws
a: Depart the Abyss, Bend Space, Banish, Renounce Religion


You were on level 3 of the Dungeon.
You worshipped Lugonu.
Lugonu was most pleased with you.
You were full.

You visited 1 branch of the dungeon, and saw 3 of its levels.
You visited the Abyss 1 time.

You collected 152 gold pieces.

Inventory:

Scrolls
 c - 4 scrolls of remove curse
 d - 3 scrolls of teleportation
 g - a scroll of enchant weapon {unknown}
 j - a scroll of blinking {unknown}
 k - a scroll of enchant armour {unknown}
 l - 2 scrolls of amnesia
Potions
 e - a potion of brilliance
 f - 2 potions of curing
 h - a potion of berserk rage
 i - a potion of haste
Comestibles
 a - 7 rations


   Skills:
 - Level 3.0 Fighting
 - Level 3.2 Dodging
 + Level 5.6 Unarmed Combat
 - Level 1.7 Invocations


You had 3 spell levels left.
You didn't know any spells.
Your spell library was empty.

Dungeon Overview and Level Annotations

Branches:
Dungeon (3/15)

Altars:
Qazlal
Ru
Trog
Wu Jian


Innate Abilities, Weirdness & Mutations

You cannot wear armour.
You are incapable of wielding weapons or throwing items.
Your paws allow you to move quietly. (Stealth)
You have sharp claws.
You have razor-sharp teeth.
You have supernaturally acute eyesight. (SInv)
You are carnivorous and can eat meat at any time.
You cover ground quickly.
You are covered in fur. (AC +1)
You have a slow metabolism.
Your sharp claws are effective at attacking unaware monsters.


Message History

The goblin shouts!
The orc shouts!
You closely miss the orc.
Unknown command.
You scratch the orc.
The orc is lightly wounded.
The orc closely misses you.
Unknown command.
You scratch the orc.
The orc is heavily wounded.
The orc hits you with a +2 vorpal falchion.
The orc barely misses you.
Unknown command.
The goblin hits you but does no damage.
Unknown command.
Unknown command.
Unknown command.
Unknown command.
The orc zaps a wand.
The mass of ice explodes!
The iceblast engulfs you!!
Ouch! That really hurt!
You die...

##.### #.###################o.o
#....####.............)oo.o.g.#.
#........>..........#######.###○
#....####.#########.# #...##
##....####.# #.## # ......
......##...# ##g.#.#..#.....
......##...# #o.....#.#.####
...........########......# #.#
(.............o.@.go.....# #.#
....#......########......#....
....####...#########..o..#....
....# #.).....................
##### #.)..♣..................
#...♣.♣................#
#..♣._.♣...............#
#.).♣.♣.......(........#
#....♣....#####'##.....#


You could see 3 orcs and a goblin.

Vanquished Creatures
  Robin (D:2)
  An adder (D:2)
  A gnoll (D:3)
  An ooze (D:3)
  3 worms (D:2)
  3 dart slugs
  5 leopard geckos
  3 orcs (D:3)
  12 bats
  3 giant cockroaches
  23 goblins
  14 hobgoblins
  11 jackals (D:1)
  A quokka (D:2)
  2 ball pythons (D:2)
  10 frilled lizards
  12 kobolds
  7 rats
113 creatures vanquished.

Vanquished Creatures (others)
  An orc (D:3)
  2 starspawn tentacles (Abyss:1)
3 creatures vanquished.

Grand Total: 116 creatures vanquished

Notes
Turn   | Place    | Note
-------+----------+-------------------------------------------
     0 | Abyss:1  | xccam the Felid Abyssal Knight began the quest for the Orb.
     0 | Abyss:1  | Reached XP level 1. HP: 10/10 MP: 3/3
    83 | Abyss:1  | Noticed a tentacled starspawn
    97 | Abyss:1  | Noticed a tentacled starspawn
   114 | Abyss:1  | Noticed a spiny frog zombie
   168 | Abyss:1  | Noticed a rakshasa
   184 | D:1      | Escaped the Abyss
   367 | D:1      | Reached * piety under Lugonu
   553 | D:1      | Reached XP level 2. HP: 14/14 MP: 4/4
   577 | D:1      | Reached skill level 3 in Unarmed Combat
  1143 | D:1      | Reached XP level 3. HP: 17/17 MP: 5/5
  1903 | D:2      | Reached skill level 4 in Unarmed Combat
  1909 | D:2      | Reached ** piety under Lugonu
  2061 | D:2      | Identified the -5 helmet "Neqaeg" {SInv Stlth+}
  2061 | D:2      | Noticed Robin
  2502 | D:2      | Killed Robin
  2502 | D:2      | Reached XP level 4. HP: 21/21 MP: 6/6
  2733 | D:2      | Found a bloodstained altar of Trog.
  2951 | D:2      | Reached skill level 5 in Unarmed Combat
  3179 | D:2      | Found an ornate altar of the Wu Jian Council.
  3340 | D:2      | Reached *** piety under Lugonu
  3379 | D:2      | Found a sacrificial altar of Ru.
  4012 | D:2      | Reached XP level 5. HP: 17/24 MP: 7/7
  4323 | D:3      | Noticed an ogre
  4354 | D:3      | Found a stormy altar of Qazlal.
  5096 | D:3      | Found a faded altar of an unknown god.
  5186 | D:3      | Slain by an orc
  5187 | D:3      | Reached XP level 4. HP: -2/21 MP: 6/6
  5214 | D:3      | Killed from afar by an orc

Illustrated notes

Levels and vault maps discovered:
D:1:      dpeg_arrival_tiny_d, layout_basic, chequers_serial_rivers_micro_b
D:2:      minmay_razor_zed, layout_basic, marbit_many_paths, bloody_trog,
          grunt_ministairs_8, nicolae_ru_awakened_eye, uniq_robin
D:3:      layout_basic, grunt_qazlal_clouds,
          chequers_ecumenical_altar_simple_redux, minmay_ogre_servants

Skill      XL: |  1  2  3  4 |
---------------+-------------+-----
Unarmed Combat | 3 4 5 |  5.6
Fighting       | |  3.0
Dodging        | |  3.2
Invocations    | |  1.7

Action                   |  1- 3 |  4- 6 || total
-------------------------+-------+-------++-------
Melee: Unarmed           |   156 |   167 ||   323
       Bite              |     7 |    11 ||    18
       Punch             |       |     3 ||     3
Invok: Depart the Abyss  |     1 |       ||     1
       Bend Space        |       |     1 ||     1
  Use: Potion            |     2 |     1 ||     3
       Scroll            |       |     5 ||     5
 Stab: Sleeping          |     7 |     1 ||     8
  Eat: Chunk             |    11 |     7 ||    18
Armor: Skin              |     5 |     9 ||    14
Dodge: Dodged            |   112 |   141 ||   253
